Cogmind - Beta 14 @@@ ROGUE MODE // 2025.03.06 @ 00:28:43 Player: Lord Draconis Result: Destroyed by Y-72 Warden with Railgun Performance ------------- Evolutions (7) 3500 Regions Visited (20) 4000 Robots Destroyed (250) 1250 Value Destroyed (11013) 11013 Prototype IDs (19) 380 Alien Tech Used (2) 400 Bonus (5871) 5871 TOTAL SCORE: 26414 Bonus ------- High Alert Combat Kills 973 Follower Combat Kills 2668 Met Zhirov 300 Built Enhanced Grunts 300 Met R17 at Cetus 500 Met R17 at Research 2000 Friendly Fire -870 Cogmind --------- Core Integrity 0/1300 Matter 23/300 Energy 91/100 System Corruption 53% Temperature Cool (9) Movement Core (1350) Ox26 Location -3/Armory Parts ------- > --- POWER (2) -------- (None) > --- PROPULSION (6) --- (None) > --- UTILITY (9) ------ Huge Storage Unit Advanced Visual Processing Unit Enhanced Optical Array Hacking Suite > --- WEAPON (4) ------- (None) > --- INVENTORY (25) --- Reinforced Fission Core Antimatter Reactor Antimatter Reactor Light Antimatter Reactor Advanced Heat Sink Advanced Heat Sink Huge Storage Unit Matter Compressor (138) Advanced ECM Suite Heavy Armor Plating Advanced Shield Generator Micro-nuke Launcher Improved Plasma Cutter Peak State ------------ > --- POWER ------------ Heavy Antimatter Reactor Quantum Reactor > --- PROPULSION ------- Centrium Heavy Treads Myomer Leg Enhanced Biometal Leg Enhanced Biometal Leg Enhanced Biometal Leg > --- UTILITY ---------- Advanced Heat Sink Advanced Cooling System Huge Storage Unit Triangulator Enhanced Optical Array Makeshift Light Armor Plating Centrium Medium Armor Plating Thermal Shield Advanced Shield Generator > --- WEAPON ----------- Heavy Laser Quantum Rifle Advanced KE Penetrator Hardcell Cannon > --- INVENTORY -------- Neutrino Core Light Antimatter Reactor Quantum Reactor Armored Wheel Centrium Wheel Cooled Gravmag System Advanced Heat Sink Advanced Heat Sink Improved Cooling System Huge Storage Unit Matter Compressor Improved Transmission Jammer Advanced ECM Suite Experimental Core Shielding Heavy Armor Plating Hacking Suite Wave Gun Quantum Rifle Heavy Battle Rifle KE Penetrator KE Penetrator Heavy Shock Bomb Launcher Improved Plasma Cutter Power Sword [Rating: 155] Favorites ----------- Power Quantum Reactor Engine Light Angular Momentum Engine Power Core Neutrino Core Reactor Quantum Reactor Propulsion Light Treads Treads Light Treads Leg Medium Armored Exoskeleton Wheel Armored Huge Wheel Hover Unit Cooled Gravmag System Flight Unit Cesium-ion Thruster Utility Advanced Heat Sink Device Advanced Heat Sink Storage Huge Storage Unit Processor Enhanced Optical Array Hackware Hacking Suite Protection Improved Medium Armor Plating Weapon Heavy Laser Energy Gun Heavy Laser Energy Cannon Heavy Particle Cannon Ballistic Gun Advanced KE Penetrator Ballistic Cannon Hardcell Cannon Launcher Grenade Launcher Special Weapon Enhanced Flamer Slashing Weapon Scythe Build | -11 -10 -10 -9 -8 -7 -7 -7 -6 -6 -6 -5 -5 -5 -4 -4 -4 -4 -3 -3 -3 ------- Run | Yrd Mat Min Mat Mat Fac Low Low Fac Low Low Fac Ext Cet Fac Upp Upp Zhi Pro Res Arm Slots Evolved 14 | . . . 2 2 2 . . 2 . . 2 . . 2 . . . . 2 . Power 1 | . . . . . . . . . . . 1 . . . . . . . . . Propulsion 4 | . . . 1 1 1 . . 1 . . . . . . . . . . . . Utility 7 | . . . 1 1 1 . . 1 . . . . . 2 . . . . 1 . Weapon 2 | . . . . . . . . . . . 1 . . . . . . . 1 . Parts Attached 379 | 7 7 5 24 19 17 5 4 17 10 . 62 67 4 8 7 6 7 12 16 75 Power 35 | 1 . 1 2 2 . 1 . 2 1 . 8 7 1 . 1 . 1 . . 7 Engine 16 | 1 . 1 2 2 . 1 . 1 1 . 4 3 . . . . . . . . Core 9 | . . . . . . . . 1 . . 4 2 . . . . . . . 2 Reactor 10 | . . . . . . . . . . . . 2 1 . 1 . 1 . . 5 Propulsion 121 | 2 . 1 6 10 7 2 2 5 3 . 23 22 1 2 1 3 2 4 4 21 Treads 38 | 2 . . 5 5 3 2 1 1 1 . . 7 1 1 1 3 1 4 . . Leg 55 | . . 1 . 1 1 . 1 1 . . 15 14 . 1 . . . . 4 16 Wheel 26 | . . . 1 3 3 . . 3 2 . 8 1 . . . . . . . 5 Hover 1 | . . . . . . . . . . . . . . . . . 1 . . . Flight 1 | . . . . 1 . . . . . . . . . . . . . . . . Utility 113 | 1 4 1 5 5 4 . 2 7 4 . 13 22 . 4 4 3 1 4 10 19 Device 62 | . 2 . . 3 2 . 2 3 2 . 6 14 . 2 3 2 . 2 8 11 Storage 7 | 1 2 . . . . . . 1 . . . 1 . . . . . . 1 1 Processor 6 | . . . . . . . . . . . 1 1 . . . . . . 1 3 Hackware 5 | . . . . 1 . . . 2 . . 1 . . . . . . . . 1 Protection 33 | . . 1 5 1 2 . . 1 2 . 5 6 . 2 1 1 1 2 . 3 Artifact . | . . . . . . . . . . . . . . . . . . . . . Weapon 110 | 3 3 2 11 2 6 2 . 3 2 . 18 16 2 2 1 . 3 4 2 28 Energy Gun 41 | 1 1 1 6 . 3 . . . . . 9 11 1 . 1 . 1 1 2 3 Energy Cannon 5 | . . . . . . 1 . . 1 . 3 . . . . . . . . . Ballistic Gun 40 | 2 1 . 1 2 1 . . 2 1 . 5 2 1 2 . . 2 1 . 17 Ballistic Cannon 4 | . . . . . . . . . . . . 2 . . . . . 1 . 1 Launcher 9 | . 1 . 2 . 2 1 . . . . . . . . . . . 1 . 2 Special Weapon 3 | . . 1 . . . . . . . . . 1 . . . . . . . 1 Impact Weapon . | . . . . . . . . . . . . . . . . . . . . . Slashing Weapon 8 | . . . 2 . . . . 1 . . 1 . . . . . . . . 4 Piercing Weapon . | . . . . . . . . . . . . . . . . . . . . . Special Melee Weapon . | . . . . . . . . . . . . . . . . . . . . . Unidentified Prototypes 10 | . . . . . . . . . . . . . 2 1 . 1 4 . 1 1 Corrupted Parts 8 | . . . 1 . . . . . . . . . 2 1 . . . 2 . 2 System Corruption 50 | . . . 1 . . . . . . . . . 16 8 . . . 12 . 13 Parts Lost 184 | . 3 3 18 3 9 3 1 5 7 . 31 30 1 1 2 4 . 8 1 54 Power 23 | . 1 . 2 1 . 1 . . 1 . 4 5 . . 1 . . . . 7 Propulsion 61 | . . 1 5 1 7 1 1 2 5 . 12 5 . . . 2 . 2 1 16 Utility 48 | . . 1 5 1 1 . . 1 1 . 9 11 . . . 2 . 3 . 13 Weapon 52 | . 2 1 6 . 1 1 . 2 . . 6 9 1 1 1 . . 3 . 18 Highest Loss Streak 28 | . 2 3 7 1 5 2 1 1 4 . 7 17 1 1 2 3 . 4 1 28 To Critical Strikes 6 | . . . . . . . . . 1 . . 2 . . . . . . . 3 Average Slot Usage (%) 84 | . 94 97 74 71 90 79 83 83 76 66 82 84 87 84 84 85 72 84 90 90 Engine 3 | . 12 13 10 7 7 6 7 3 5 6 2 1 . . . . . . . . Core 1 | . . . . . . . . 2 . . 5 5 . . . . . . . . Reactor 3 | . . . . . . . . . . . . 1 9 10 10 10 10 10 9 8 Treads 10 | . 28 18 17 9 14 19 15 10 6 . . 6 . 5 10 15 20 18 14 1 Leg 7 | . . 8 1 . 7 . 6 6 5 . 14 15 21 9 5 2 . . 4 19 Wheel 3 | . . . 1 9 7 7 7 11 9 6 6 . . . . . . . . 1 Device 15 | . 6 4 . 6 23 15 15 13 13 13 14 18 17 21 21 19 21 19 22 16 Storage 6 | . 17 14 11 9 7 7 7 6 6 6 5 5 5 5 5 5 5 5 4 4 Processor 3 | . . . . . . . . . . . . . 5 5 5 5 5 5 4 16 Hackware 1 | . . . . 3 . . . 6 6 6 4 2 . . . . . . . 1 Protection 6 | . . 9 14 3 4 7 7 6 6 13 7 4 5 10 10 10 7 9 9 1 Energy Gun 6 | . 3 13 12 . 9 12 7 3 . . 9 9 11 6 5 5 . 4 8 4 Energy Cannon 1 | . . . . . . 2 7 5 1 6 1 2 . . . . . . . . Ballistic Gun 6 | . 23 4 . 14 5 . . 2 10 6 4 2 4 8 10 10 1 8 4 10 Peak Build Rating 155 | 6 8 10 13 25 41 46 47 60 64 44 85 97 117 127 122 126 126 139 155 152 Average Rating 78 | 4 6 9 9 16 30 42 44 55 58 44 65 84 107 125 121 122 108 127 135 126 On Entrance 66 | . 6 6 10 6 25 40 44 47 57 44 44 85 97 117 122 122 126 124 113 152 Naked Turns . | . . . . . . . . . . . . . . . . . . . . . Heaviest Build 165 | 12 32 31 37 40 58 61 61 123 124 118 139 138 138 148 155 158 152 162 165 164 Greatest Support 216 | 40 40 40 60 40 38 28 28 60 60 16 100 115 115 103 103 206 206 216 159 150 Greatest Overweight (x) 41 | . . 1 8 9 4 2 2 4 7 7 41 12 1 1 1 1 . . 2 27 Average Overweight (x) 1 | . . . 1 1 2 2 2 2 3 7 5 1 1 1 1 . . . 1 1 Largest Inventory Capacity 25 | 8 15 15 15 15 15 15 15 25 25 25 25 25 25 25 25 25 25 25 25 25 Average Capacity 22 | 7 13 15 15 15 15 15 15 24 25 25 25 25 25 25 25 25 25 25 25 25 Most Carried 25 | 3 15 15 15 15 15 15 15 25 25 25 25 25 25 25 25 25 25 25 25 25 Average Carried 20 | 1 7 14 12 11 13 14 14 23 24 24 24 23 24 23 24 22 21 24 24 23 Final Capacity 25 | 8 15 15 15 15 15 15 15 25 25 25 25 25 25 25 25 25 25 25 25 25 Final Carried 25 | 3 15 15 8 15 15 15 15 25 24 25 25 25 25 25 25 20 24 23 25 14 Class Distribution -------------------- 45% | Scavenger-Tank 27% | Scavenger-Mutant 13% | Mutant 7% | Scavenger-Skirmisher 3% | Scavenger-Gunner Dominant Class ---------------- Mutant | -10/Materials Mutant | -10/Mines Scavenger-Mutant | -9/Materials Scavenger-Mutant | -8/Materials Scavenger-Mutant | -7/Factory Scavenger-Mutant | -7/Lower Caves Scavenger-Mutant | -7/Lower Caves Scavenger-Mutant | -6/Factory Scavenger-Mutant | -6/Lower Caves Mutant | -6/Lower Caves Scavenger-Tank | -5/Factory Scavenger-Tank | -5/Extension Scavenger-Tank | -5/Cetus Scavenger-Tank | -4/Factory Scavenger-Tank | -4/Upper Caves Scavenger-Tank | -4/Upper Caves Scavenger-Mutant | -4/Zhirov Scavenger-Tank | -3/Proximity Caves Scavenger-Tank | -3/Research Scavenger-Skirmisher | -3/Armory Resources | -11 -10 -10 -9 -8 -7 -7 -7 -6 -6 -6 -5 -5 -5 -4 -4 -4 -4 -3 -3 -3 ----------- Run | Yrd Mat Min Mat Mat Fac Low Low Fac Low Low Fac Ext Cet Fac Upp Upp Zhi Pro Res Arm Matter Collected 8265 | 130 382 74 472 414 319 35 40 466 394 30 922 1196 103 162 303 288 . 541 533 1461 Remotely . | . . . . . . . . . . . . . . . . . . . . . Salvage Created 12998 | . 399 77 1047 540 764 361 191 677 287 47 2477 2048 66 371 314 401 . 876 285 1770 Parts 528 | . 26 4 51 34 35 12 8 28 20 1 82 53 3 22 12 17 . 29 1 90 Haulers Intercepted 2 | . . . . . . . . . . . 1 . . 1 . . . . . . Recyclers Shooed 4 | . 1 . 1 1 . . . 1 . . . . . . . . . . . . Parts Field Recycled . | . . . . . . . . . . . . . . . . . . . . . Retrieved Matter . | . . . . . . . . . . . . . . . . . . . . . Parts Self-Destructed 71 | . . . . . . 10 7 . 13 . . . . . 8 17 . 16 . . Prevented 4 | . . . . . . . . . . 1 . . . . . . . 3 . . Kills | -11 -10 -10 -9 -8 -7 -7 -7 -6 -6 -6 -5 -5 -5 -4 -4 -4 -4 -3 -3 -3 ------- Run | Yrd Mat Min Mat Mat Fac Low Low Fac Low Low Fac Ext Cet Fac Upp Upp Zhi Pro Res Arm Combat Hostiles Destroyed 214 | . 12 2 24 11 14 4 4 9 5 . 34 31 1 7 3 7 . 11 5 30 Melee 5 | . . . 5 . . . . . . . . . . . . . . . . . Guns 145 | . 8 2 11 11 8 2 1 2 3 . 28 19 1 7 3 7 . 6 3 23 Cannons 30 | . . . 1 . . 2 3 7 2 . 3 5 . . . . . 1 2 4 AOE 20 | . 4 . 7 . 4 . . . . . . 1 . . . . . 3 . 1 Classes Destroyed 18 | . 3 . 5 1 2 2 . . . . 2 1 . . . . . 1 . 1 Worker 11 | . . . 1 3 1 . . 2 . . 4 . . . . . . . . . Builder 2 | . . . 2 . . . . . . . . . . . . . . . . . Hauler 2 | . . . . . . . . . . . 1 . . 1 . . . . . . Recycler 8 | . . . 1 1 3 . . 1 . . 2 . . . . . . . . . Mechanic 1 | . . . . 1 . . . . . . . . . . . . . . . . Operator 3 | . 1 . 1 . . . . . . . 1 . . . . . . . . . Drone 2 | . . . . . . . . . . . . . . . . . . 2 . . Watcher 4 | . . . . . 1 . . 1 . . . . . . . . . . . 2 Swarmer 50 | . 3 . 3 3 3 2 . 3 3 . 4 4 . 5 . 4 . 2 . 11 Grunt 85 | . 9 2 14 5 6 . 4 3 2 . 15 16 . . . . . 2 2 5 Brawler 4 | . . . . . . . . . . . 1 2 . . . . . 1 . . Duelist 11 | . . . 1 . 1 . . . . . 2 2 . . . . . 1 1 3 Protector 2 | . . . . . . . . . . . . . . . . . . . . 2 Sentry 28 | . . . 6 3 3 1 . 1 . . 2 3 . 2 1 1 . 1 2 2 Hunter 8 | . . . . . 1 . . . . . 3 . . . . 2 . . . 2 Programmer 20 | . . . . . . 1 . 2 . . 7 . . . 1 . . 2 . 7 Behemoth 3 | . . . . . . . . . . . . 2 . . 1 . . . . . Cetus Guard 1 | . . . . . . . . . . . . . 1 . . . . . . . Decomposer 2 | . . . . . . . . . . 2 . . . . . . . . . . Samaritan 7 | . . . . . . 3 . . 1 . . . . . 1 . . 2 . . Savage 3 | . . . . . . . . . . . . 3 . . . . . . . . Butcher 1 | . . . . . . . . . . . . 1 . . . . . . . . Guerrilla 1 | . . . . . . . . . . . . 1 . . . . . . . . Best Kill Streak 8 | . 4 2 8 4 7 4 3 5 3 . 6 4 1 4 1 6 . 5 2 6 Combat Bots Only 6 | . 3 2 6 3 4 4 3 3 3 . 4 4 1 4 1 6 . 5 2 6 Max Kills in Single Turn 2 | . 2 1 2 1 2 1 1 2 1 1 2 2 1 2 1 1 . 1 1 2 Gunslinging 1 | . . . . . 1 . . . . . 1 . . . . . . . . . Exploded 2 | . 2 . 2 . 2 . . . . . . 1 . . . . . 1 . 1 Melee 1 | . . . 1 . . . . . . . . . . . . . . . . . Uniques/NPCs Destroyed . | . . . . . . . . . . . . . . . . . . . . . Combat | -11 -10 -10 -9 -8 -7 -7 -7 -6 -6 -6 -5 -5 -5 -4 -4 -4 -4 -3 -3 -3 -------- Run | Yrd Mat Min Mat Mat Fac Low Low Fac Low Low Fac Ext Cet Fac Upp Upp Zhi Pro Res Arm Hostile Shots Fired 2295 | . 74 19 199 60 144 34 31 104 61 . 341 314 12 23 38 119 . 82 36 604 Missed 622 | . 19 8 49 18 44 10 4 25 16 . 82 91 4 4 10 33 . 23 18 164 Damage Taken 30789 | . 733 159 1875 580 1102 457 433 1135 736 . 4674 4707 239 375 783 1367 . 1441 405 9588 Core 3291 | . 152 16 350 159 105 26 16 63 32 . 380 274 31 33 136 75 . 135 25 1283 Absorbed by Shields 418 | . . . . . . . . . . . . 57 74 . . . . . 36 251 Redirected to Shielding 370 | . . . . . . . . . . . 108 107 . . . . . . . 155 Ignored by Resistances 146 | . . . . . . . . . . . . . . . . . . . 47 99 Core Remaining (%) 59 | 100 . 32 12 71 . . 79 . . 88 . . 31 . . . . 60 . . Volleys Fired 827 | . 57 10 73 40 40 29 13 39 23 3 130 131 7 12 17 24 . 42 22 115 Largest 4 | . 2 2 2 2 2 2 2 2 2 2 3 3 3 3 3 3 . 3 4 4 Hottest 480 | . 60 120 120 48 125 144 144 144 108 108 480 235 194 194 151 139 . 194 263 263 Shots Fired 2080 | . 97 13 121 77 73 58 26 76 50 6 347 347 23 35 58 73 . 116 81 403 Gun 1805 | . 96 11 112 77 68 46 13 38 40 3 311 273 23 35 58 73 . 96 59 373 Cannon 248 | . . . . . . 12 13 38 10 3 36 71 . . . . . 16 22 27 Launcher 20 | . 1 . 7 . 5 . . . . . . . . . . . . 4 . 3 Special 7 | . . 2 2 . . . . . . . . 3 . . . . . . . . Kinetic 951 | . 80 1 9 77 28 . . 29 40 3 110 80 7 20 37 48 . 76 43 263 Thermal 1053 | . . 12 82 . 40 58 26 47 10 3 237 250 16 15 21 25 . 36 38 137 Explosive 14 | . 1 . 7 . 5 . . . . . . . . . . . . . . 1 Electromagnetic 62 | . 16 . 23 . . . . . . . . 17 . . . . . 4 . 2 Robot Hit Streak 25 | . 6 7 11 14 17 24 15 18 13 2 25 11 10 7 11 8 . 5 13 15 Robot Miss Streak 8 | . 8 4 5 3 4 5 2 5 6 1 4 5 1 2 2 3 . 4 2 8 Penetration Max 2 | . . . . . . . . . . . 1 . 1 . . . . 1 1 2 Secondary Targets 26 | . 1 . 1 1 1 . . . . . 8 4 . 1 . 2 . 1 . 6 Max Gunslinging Chain 1 | . 1 . 1 1 1 . . . . . 1 1 . 1 . 1 . 1 . 1 Shots Hit Robots 1290 | . 53 6 97 57 48 40 17 47 28 3 237 214 18 21 38 39 . 53 58 216 Core Hits 571 | . 23 4 55 29 38 14 7 26 16 3 97 83 2 13 12 15 . 28 17 89 Critical Kills 21 | . . . . . . . . 4 4 . 3 1 1 . 2 . . 2 . 4 Critical Parts Destroyed 27 | . . . . 1 . . . 3 2 . 8 5 . 1 . 1 . 2 . 4 Critical Strikes 97 | . . . 4 1 5 2 . 7 6 . 21 21 1 1 4 1 . 8 5 10 Burn 36 | . . . 2 . 5 2 . . . . 10 12 . . 2 . . 1 1 1 Destroy 51 | . . . . 1 . . . 7 6 . 11 9 1 1 2 1 . 4 . 8 Blast 8 | . . . . . . . . . . . . . . . . . . 3 4 1 Sever 2 | . . . 2 . . . . . . . . . . . . . . . . . Melee Attacks 29 | . . . 18 . . . . 6 . . 1 . . . . . . . . 4 Impact . | . . . . . . . . . . . . . . . . . . . . . Slashing 29 | . . . 18 . . . . 6 . . 1 . . . . . . . . 4 Piercing . | . . . . . . . . . . . . . . . . . . . . . Sneak Attacks 1 | . . . 1 . . . . . . . . . . . . . . . . . Combat Hostiles . | . . . . . . . . . . . . . . . . . . . . . Follow-up Attacks . | . . . . . . . . . . . . . . . . . . . . . Damage Inflicted 31152 | . 958 89 2122 1109 1400 780 383 900 256 56 5147 5241 486 458 1062 817 . 1957 1614 6317 Guns 23366 | . 680 62 924 1109 787 537 133 270 156 6 4365 4105 486 458 1062 817 . 1149 1050 5210 Cannons 4650 | . . . . . . 243 250 630 100 50 782 1077 . . . . . 480 564 474 Explosions 2583 | . 265 . 690 . 608 . . . . . . 59 . . . . . 328 . 633 Melee 485 | . . . 485 . . . . . . . . . . . . . . . . . Ramming 46 | . 13 27 1 . 5 . . . . . . . . . . . . . . . Kinetic 12271 | . 522 . 37 1109 266 . . 124 156 6 1412 1134 180 314 727 526 . 1159 999 3600 Thermal 15783 | . 175 62 694 . 657 780 383 776 100 50 3735 3807 306 144 335 291 . 470 615 2403 Explosive 1343 | . 90 . 637 . 472 . . . . . . . . . . . . . . 144 Electromagnetic 1224 | . 158 . 268 . . . . . . . . 300 . . . . . 328 . 170 Impact . | . . . . . . . . . . . . . . . . . . . . . Slashing 485 | . . . 485 . . . . . . . . . . . . . . . . . Piercing . | . . . . . . . . . . . . . . . . . . . . . Highest Corruption 53 | . . . 1 . . . . 5 5 5 9 23 39 8 9 9 9 26 . 53 Average Corruption 12 | . . . 1 . . . . 3 5 5 4 16 29 8 8 9 9 12 . 36 Corruption Purged . | . . . . . . . . . . . . . . . . . . . . . Corruption Blocked . | . . . . . . . . . . . . . . . . . . . . . Effects 477 | . . . 8 . . . . 12 39 1 23 109 24 11 55 45 14 38 . 98 Message Errors 106 | . . . . . . . . 2 12 . 4 24 9 5 8 11 7 10 . 14 Matter Fused 105 | . . . 4 . . . . 1 8 1 4 28 4 2 11 7 . 10 . 25 Heat Flow Errors 61 | . . . . . . . . 2 6 . 4 15 4 . 7 6 4 3 . 10 Energy Discharges 50 | . . . 2 . . . . . 4 . 3 14 1 . 9 5 2 4 . 6 Parts Rejected 3 | . . . . . . . . 1 1 . . 1 . . . . . . . . Parts Fused 3 | . . . . . . . . 1 . . . . . . 1 . . . . 1 Data Loss (minor) 44 | . . . . . . . . . 3 . 3 9 . 2 8 4 1 7 . 7 Data Loss (major) 22 | . . . . . . . . 3 1 . 1 5 2 1 2 5 . . . 2 Misfires 26 | . . . . . . . . . 4 . 3 1 2 1 7 3 . 1 . 4 Alerts 12 | . . . 1 . . . . 1 . . . 2 2 . 2 2 . 2 . . Misdirections 8 | . . . . . . . . . . . . . . . . . . . . 8 Weapon Failures 37 | . . . 1 . . . . 1 . . 1 10 . . . 2 . 1 . 21 Overload Shots 17 | . . . . . . . . . . . 17 . . . . . . . . . Effects 1 | . . . . . . . . . . . 1 . . . . . . . . . Energy Bleed 1 | . . . . . . . . . . . 1 . . . . . . . . . Overflow Damage 212 | . 9 . 1 . 22 . . . . . . 1 . . . . . 41 28 110 Projectiles 113 | . . . . . . . . . . . . 1 . . . . . 41 28 43 Explosions 98 | . 9 . . . 22 . . . . . . . . . . . . . . 67 Melee 1 | . . . 1 . . . . . . . . . . . . . . . . . Knockbacks 11 | . . . . . . . . . . . . . . . . . . 3 2 6 Impact . | . . . . . . . . . . . . . . . . . . . . . Kinetic 9 | . . . . . . . . . . . . . . . . . . 3 2 4 Secondary 2 | . . . . . . . . . . . . . . . . . . . . 2 Self-Inflicted Damage 362 | . 73 . 22 . 2 . . . . . . . . . . . . 88 . 177 Shots 11 | . 2 . 1 . . . . . . . . . . . . . . 4 . 4 Rammed 11 | . 3 6 1 . 1 . . . . . . . . . . . . . . . Targets Rammed 11 | . 3 6 1 . 1 . . . . . . . . . . . . . . . Kicked . | . . . . . . . . . . . . . . . . . . . . . Crushed . | . . . . . . . . . . . . . . . . . . . . . Highest Temperature 540 | . 20 100 296 . 8 7 232 255 248 . 540 530 173 . 344 220 180 183 . 300 Average Temperature 104 | . 10 42 94 . 5 4 132 61 99 . 132 73 72 . 122 85 82 94 . 112 Received Heat Transfer 6212 | . 363 87 726 225 375 54 333 252 96 . 1065 1359 27 18 433 36 . 111 60 592 Effects 15 | . . . . . . . . . . . 4 6 . . . . . . . 5 Shutdowns 5 | . . . . . . . . . . . 3 2 . . . . . . . . Energy Bleed 2 | . . . . . . . . . . . 1 1 . . . . . . . . Interference 7 | . . . . . . . . . . . . 2 . . . . . . . 5 Damage (minor) 1 | . . . . . . . . . . . . 1 . . . . . . . . Siege Activations . | . . . . . . . . . . . . . . . . . . . . . Robots Corrupted 2 | . . . . . . . . . . . . . . . . . . 1 . 1 Combat Hostiles 2 | . . . . . . . . . . . . . . . . . . 1 . 1 Parts Fried 6 | . 1 . . . . . . . . . . 1 . . . . . 1 . 3 Impact Corruptions 1 | . . . . . . . . . . . . . . . . . . . . 1 Robots Melted 14 | . . . . . 2 1 . . . . 3 7 . . . . . . . 1 Combat Hostiles 12 | . . . . . 2 . . . . . 3 6 . . . . . . . 1 Parts Melted 60 | . . . . . 4 10 1 4 . . 24 9 . . . 1 . . 3 4 Heat Transferred 28752 | . 200 150 1751 . 1617 1628 629 1147 148 74 7551 7173 463 222 666 555 . 814 1036 2928 Parts Sabotaged 2 | . . . . . . . . . . . . 2 . . . . . . . . Parts Stolen . | . . . . . . . . . . . . . . . . . . . . . Parts Stripped . | . . . . . . . . . . . . . . . . . . . . . Power Chain Reactions 7 | . 3 . 1 . . . . . . . . 1 . . . . . . . 2 Alert | -11 -10 -10 -9 -8 -7 -7 -7 -6 -6 -6 -5 -5 -5 -4 -4 -4 -4 -3 -3 -3 ------- Run | Yrd Mat Min Mat Mat Fac Low Low Fac Low Low Fac Ext Cet Fac Upp Upp Zhi Pro Res Arm Peak Influence 1118 | . 241 128 531 398 449 . . 159 . . 392 1118 821 943 . . . . 509 730 Initial 625 | . . 93 . 196 172 . . . . . 30 161 625 400 . . . . 470 115 Average 322 | . 89 64 219 266 294 . . 43 . . 122 707 736 661 . . . . 323 321 Maximum Alert Level 4 | . 1 . 2 1 2 . . . . . 1 4 3 3 . . . . 2 3 Low Security (%) 42 | 100 93 100 61 1 23 . . 100 . . 78 1 . . . . . . 13 34 Level 1 25 | . 6 . 12 98 54 . . . . . 21 7 . 3 . . . . 58 41 Level 2 13 | . . . 25 . 22 . . . . . . 14 13 38 . . . . 27 20 Level 3 18 | . . . . . . . . . . . . 73 86 58 . . . . . 2 Level 4 . | . . . . . . . . . . . . 1 . . . . . . . . Level 5 . | . . . . . . . . . . . . . . . . . . . . . High Security . | . . . . . . . . . . . . . . . . . . . . . Max Security . | . . . . . . . . . . . . . . . . . . . . . Squads Dispatched 48 | . 3 . 5 2 2 . . 4 . . 8 9 1 3 . . . . 5 6 Investigation 11 | . 1 . 1 . . . . . . . . 2 1 1 . . . . 4 1 Extermination 10 | . . . . . 1 . . 2 . . 3 . . . . . . . . 4 Reinforcement 22 | . 2 . 4 2 1 . . 2 . . 5 3 . 1 . . . . 1 1 Assault 5 | . . . . . . . . . . . . 4 . 1 . . . . . . Garrison . | . . . . . . . . . . . . . . . . . . . . . Intercept . | . . . . . . . . . . . . . . . . . . . . . Searches Triggered . | . . . . . . . . . . . . . . . . . . . . . Construction Impeded 5 | . . . 2 . . . . . . . 2 1 . . . . . . . . Haulers Reinforced 2 | . . . . . 1 . . . . . . . . . . . . . 1 . Active Scanning Responses . | . . . . . . . . . . . . . . . . . . . . . Cargo Convoy Interrupts . | . . . . . . . . . . . . . . . . . . . . . Stealth | -11 -10 -10 -9 -8 -7 -7 -7 -6 -6 -6 -5 -5 -5 -4 -4 -4 -4 -3 -3 -3 --------- Run | Yrd Mat Min Mat Mat Fac Low Low Fac Low Low Fac Ext Cet Fac Upp Upp Zhi Pro Res Arm Distress Signals 18 | . 1 . . 3 1 . . . . . 4 1 1 . . . . . 5 2 Communications Jammed 23 | . . . . . . . . . . . . . . . . . . . . 23 Distress Signals 23 | . . . . . . . . . . . . . . . . . . . . 23 Times Spotted 398 | . 20 2 33 23 16 5 4 15 11 . 49 82 11 9 3 7 . 16 19 73 Peak Tracking Total 10 | . 4 2 6 6 6 5 3 3 4 . 7 10 5 6 1 2 . 5 4 7 Tactical Retreats 32 | . 1 . 4 1 . . . 1 2 . 3 11 . 1 . . . 4 . 4 Traps | -11 -10 -10 -9 -8 -7 -7 -7 -6 -6 -6 -5 -5 -5 -4 -4 -4 -4 -3 -3 -3 ------- Run | Yrd Mat Min Mat Mat Fac Low Low Fac Low Low Fac Ext Cet Fac Upp Upp Zhi Pro Res Arm Traps Triggered 7 | . 2 . 1 1 . . . . . . 2 1 . . . . . . . . Indirectly . | . . . . . . . . . . . . . . . . . . . . . Trap Hack Attempts . | . . . . . . . . . . . . . . . . . . . . . Triggered . | . . . . . . . . . . . . . . . . . . . . . Disarmed . | . . . . . . . . . . . . . . . . . . . . . Reprogrammed . | . . . . . . . . . . . . . . . . . . . . . Reused . | . . . . . . . . . . . . . . . . . . . . . Traps Extracted . | . . . . . . . . . . . . . . . . . . . . . Installed . | . . . . . . . . . . . . . . . . . . . . . Triggered 4 | . . . . . . . 1 . 2 1 . . . . . . . . . . Machines | -11 -10 -10 -9 -8 -7 -7 -7 -6 -6 -6 -5 -5 -5 -4 -4 -4 -4 -3 -3 -3 ---------- Run | Yrd Mat Min Mat Mat Fac Low Low Fac Low Low Fac Ext Cet Fac Upp Upp Zhi Pro Res Arm Machines Disabled 23 | . . . . 2 8 1 . 1 . . . 3 . 2 . . . . . 6 Max in Single Turn 7 | . . . . 1 7 1 . 1 . . . 1 . . . . . . . 1 Garrison Access 1 | . . . . . . . . . . . . . . . . . . . 1 . Machines Repaired . | . . . . . . . . . . . . . . . . . . . . . Machines Dismantled 2 | . . . . . . . . . . . . 1 . . . . . . . 1 Machines Sabotaged . | . . . . . . . . . . . . . . . . . . . . . Overloaded Fab Kills . | . . . . . . . . . . . . . . . . . . . . . Hacking | -11 -10 -10 -9 -8 -7 -7 -7 -6 -6 -6 -5 -5 -5 -4 -4 -4 -4 -3 -3 -3 --------- Run | Yrd Mat Min Mat Mat Fac Low Low Fac Low Low Fac Ext Cet Fac Upp Upp Zhi Pro Res Arm Machines Accessed 43 | . 1 . . 1 3 2 . 3 . . 4 11 2 . 1 . 9 . 2 4 Terminals 29 | . 1 . . 1 2 . . 3 . . 3 11 2 . 1 . . . 1 4 Fabricators . | . . . . . . . . . . . . . . . . . . . . . Repair Stations 1 | . . . . . . . . . . . . . . . . . . . 1 . Recycling Units 1 | . . . . . 1 . . . . . . . . . . . . . . . Scanalyzers . | . . . . . . . . . . . . . . . . . . . . . Garrison Access 1 | . . . . . . . . . . . 1 . . . . . . . . . Total Hacks 110 | . 2 . . 1 3 7 . 7 . . 8 21 2 . 1 . 48 . 4 6 Successful 75 | . 1 . . 1 1 7 . 2 . . 2 9 . . 1 . 48 . 2 1 Failed 35 | . 1 . . . 2 . . 5 . . 6 12 2 . . . . . 2 5 Catastrophic 8 | . . . . . . . . . . . 1 3 1 . . . . . . 3 Database Lockouts . | . . . . . . . . . . . . . . . . . . . . . Manual 17 | . 2 . . . . . . 3 . . 4 3 1 . 1 . . . . 3 Terminals 49 | . 2 . . 1 2 . . 7 . . 5 21 2 . 1 . . . 2 6 Fabricators . | . . . . . . . . . . . . . . . . . . . . . Repair Stations 2 | . . . . . . . . . . . . . . . . . . . 2 . Recycling Units 1 | . . . . . 1 . . . . . . . . . . . . . . . Scanalyzers . | . . . . . . . . . . . . . . . . . . . . . Garrison Access 3 | . . . . . . . . . . . 3 . . . . . . . . . Terminal Hacks 74 | . 1 . . 1 1 7 . 2 . . 2 9 . . 1 . 48 . 1 1 Record 44 | . . . . . . 6 . . . . . 1 . . 1 . 36 . . . Part Schematic 5 | . 1 . . . . . . . . . . . . . . . 4 . . . Robot Analysis 5 | . . . . 1 . . . . . . . . . . . . 4 . . . Prototype ID Bank 4 | . . . . . . . . . . . . . . . . . 4 . . . Open Door 10 | . . . . . . 1 . . . . 1 8 . . . . . . . . Branch Access Points 4 | . . . . . 1 . . 1 . . 1 . . . . . . . . 1 Garrison Index 1 | . . . . . . . . . . . . . . . . . . . 1 . Transport Status 1 | . . . . . . . . 1 . . . . . . . . . . . . Fabricator Hacks . | . . . . . . . . . . . . . . . . . . . . . Repair Station Hacks 1 | . . . . . . . . . . . . . . . . . . . 1 . Scan Component 1 | . . . . . . . . . . . . . . . . . . . 1 . Recycling Unit Hacks . | . . . . . . . . . . . . . . . . . . . . . Scanalyzer . | . . . . . . . . . . . . . . . . . . . . . Garrison Access Hacks . | . . . . . . . . . . . . . . . . . . . . . Unauthorized Hacks . | . . . . . . . . . . . . . . . . . . . . . Terminals . | . . . . . . . . . . . . . . . . . . . . . Fabricators . | . . . . . . . . . . . . . . . . . . . . . Repair Stations . | . . . . . . . . . . . . . . . . . . . . . Recycling Units . | . . . . . . . . . . . . . . . . . . . . . Scanalyzers . | . . . . . . . . . . . . . . . . . . . . . Garrison Access . | . . . . . . . . . . . . . . . . . . . . . Data Cores Recovered 2 | . . . . . . . . . . . 1 . . . . . . . 1 . Used . | . . . . . . . . . . . . . . . . . . . . . Hacking Detections 24 | . 1 . . . 3 . . 3 . . 4 5 2 . . . . . 2 4 Full Trace Events 3 | . . . . . . . . . . . . 1 1 . . . . . . 1 Feedback Events . | . . . . . . . . . . . . . . . . . . . . . Feedback Blocked . | . . . . . . . . . . . . . . . . . . . . . Robot Schematics Acquired . | . . . . . . . . . . . . . . . . . . . . . Robots Built . | . . . . . . . . . . . . . . . . . . . . . Authchips . | . . . . . . . . . . . . . . . . . . . . . Time . | . . . . . . . . . . . . . . . . . . . . . Total Robot Build Rating . | . . . . . . . . . . . . . . . . . . . . . Part Schematics Acquired 5 | . 1 . . . . . . . . . . . . . . . 4 . . . Parts Built . | . . . . . . . . . . . . . . . . . . . . . Authchips . | . . . . . . . . . . . . . . . . . . . . . Time . | . . . . . . . . . . . . . . . . . . . . . Total Part Build Rating . | . . . . . . . . . . . . . . . . . . . . . Parts Repaired . | . . . . . . . . . . . . . . . . . . . . . Time . | . . . . . . . . . . . . . . . . . . . . . Parts Recycled . | . . . . . . . . . . . . . . . . . . . . . Recycled Matter . | . . . . . . . . . . . . . . . . . . . . . Retrieved Matter . | . . . . . . . . . . . . . . . . . . . . . Retrieved Components . | . . . . . . . . . . . . . . . . . . . . . Parts Scanalyzed . | . . . . . . . . . . . . . . . . . . . . . Part Schematics Acquired . | . . . . . . . . . . . . . . . . . . . . . Parts Damaged . | . . . . . . . . . . . . . . . . . . . . . Bothacking | -11 -10 -10 -9 -8 -7 -7 -7 -6 -6 -6 -5 -5 -5 -4 -4 -4 -4 -3 -3 -3 ------------ Run | Yrd Mat Min Mat Mat Fac Low Low Fac Low Low Fac Ext Cet Fac Upp Upp Zhi Pro Res Arm Used RIF Installer . | . . . . . . . . . . . . . . . . . . . . . Robots Hacked . | . . . . . . . . . . . . . . . . . . . . . Non-combat . | . . . . . . . . . . . . . . . . . . . . . Combat . | . . . . . . . . . . . . . . . . . . . . . Robot Hacks Applied . | . . . . . . . . . . . . . . . . . . . . . Relay Couplers Released 1 | . . . . . . . . . . . . . . . . . . . 1 . Machine Destruction 1 | . . . . . . . . . . . . . . . . . . . 1 . Fabnet Peak Effective % . | . . . . . . . . . . . . . . . . . . . . . Robots Rewired 17 | . . . . . . . . . . . . 14 . . . . . . . 3 Allies Hacked 4 | . . . . . . . . . . . . . . . . . . . . 4 Hacks Repelled . | . . . . . . . . . . . . . . . . . . . . . Allies | -11 -10 -10 -9 -8 -7 -7 -7 -6 -6 -6 -5 -5 -5 -4 -4 -4 -4 -3 -3 -3 -------- Run | Yrd Mat Min Mat Mat Fac Low Low Fac Low Low Fac Ext Cet Fac Upp Upp Zhi Pro Res Arm Total Allies 46 | . . . . . . . . . . . . 28 5 . . . . . . 13 Largest Group 10 | . . . . . . . . . . . . 6 8 5 . . . . . 10 Highest-Rated Group 692 | . . . . . . . . . . . . 277 692 405 . . . . . 481 Highest-Rated Ally 159 | . . . . . . . . . . . . 159 159 96 . . . . . 65 Total Orders . | . . . . . . . . . . . . . . . . . . . . . Ally Attacks 398 | . . . . . . . . . . . . 220 70 50 . . . . . 58 Total Damage 9141 | . . . . . . . . . . . . 3702 2435 1403 . . . . . 1601 Kills 66 | . . . . . . . . . . . . 38 10 6 . . . . . 12 Allies Corrupted 1 | . . . . . . . . . . . . . . . . . . . . 1 Allies Melted 1 | . . . . . . . . . . . . 1 . . . . . . . . Intel | -11 -10 -10 -9 -8 -7 -7 -7 -6 -6 -6 -5 -5 -5 -4 -4 -4 -4 -3 -3 -3 ------- Run | Yrd Mat Min Mat Mat Fac Low Low Fac Low Low Fac Ext Cet Fac Upp Upp Zhi Pro Res Arm Robot Analysis Total 5 | . . . . 1 . . . . . . . . . . . . 4 . . . Derelict Logs Recovered 10 | . . 1 . . . 2 2 . 2 . . . . . 2 1 . . . . Drone Launches . | . . . . . . . . . . . . . . . . . . . . . Drone Recoveries . | . . . . . . . . . . . . . . . . . . . . . Exploration | -11 -10 -10 -9 -8 -7 -7 -7 -6 -6 -6 -5 -5 -5 -4 -4 -4 -4 -3 -3 -3 ------------- Run | Yrd Mat Min Mat Mat Fac Low Low Fac Low Low Fac Ext Cet Fac Upp Upp Zhi Pro Res Arm Turns Passed 21795 | 94 799 713 1004 670 834 1192 661 1128 1391 60 2013 2498 462 400 1985 1178 330 975 1545 1863 Spaces Moved 9624 | 55 363 310 323 221 502 691 467 636 728 25 651 745 185 142 793 562 195 516 640 874 Core 71 | 5 . . 39 16 . . . . . . 10 . . . . . . . . 1 Treads 3971 | 50 363 310 228 113 . . . . . . . 207 13 142 793 562 195 516 479 . Legs 1692 | . . . . . . . . . . . 95 536 172 . . . . . 161 728 Wheels 3852 | . . . 56 54 502 691 467 636 728 25 546 2 . . . . . . . 145 Hover . | . . . . . . . . . . . . . . . . . . . . . Flight 38 | . . . . 38 . . . . . . . . . . . . . . . . Fastest Speed 50 | 50 160 160 110 95 90 130 130 115 130 205 150 205 205 240 240 160 160 160 175 90 Average Speed 177 | 150 160 209 191 219 129 130 130 137 153 205 201 221 207 240 240 194 160 160 223 136 Slowest Speed 2100 | 160 160 240 450 500 140 130 130 160 205 205 2100 680 240 240 240 240 160 160 250 1400 Overloaded Moves . | . . . . . . . . . . . . . . . . . . . . . Propulsion Burnouts . | . . . . . . . . . . . . . . . . . . . . . Robots Hopped . | . . . . . . . . . . . . . . . . . . . . . Cave-ins Triggered . | . . . . . . . . . . . . . . . . . . . . . Teleports 1 | . . . . . . . . . . . . . . . . . 1 . . . Exploration Rate (%) 45 | 3 55 57 35 26 20 72 51 17 76 4 19 75 72 6 83 75 63 75 23 46 Regions Visited 20 Branch Regions 12 Pre-discovered Areas 6 | . . 1 . . . 1 . . . . . . . . 1 . 3 . . . Known Exits Taken 5 | . . . . . 1 . . 1 1 . 1 . . 1 . . . . . . Unknown Exits Taken 15 | 1 1 1 1 1 . 1 1 . . 1 . 1 1 . 1 1 1 1 1 . Scrap Searched 14 | . . 1 . . . 1 4 . 2 . . . . . 3 2 . 1 . . Spaces Dug 48 | . . . . . . . . 6 . . 11 . . . . . . . . 31 Terrain Destroyed 320 | . 18 . 39 . 35 . . 6 2 . 28 21 . 5 12 36 . 47 9 62 Melee 9 | . . . . . . . . 6 . . 1 . . . . . . . . 2 Projectile 173 | . . . . . . . . . . . 22 11 . 5 12 36 . 47 9 31 AOE 131 | . 18 . 39 . 35 . . . . . . 10 . . . . . . . 29 Terrain Rammed . | . . . . . . . . . . . . . . . . . . . . . Walls Destroyed . | . . . . . . . . . . . . . . . . . . . . . Machines Disabled . | . . . . . . . . . . . . . . . . . . . . . Actions | -11 -10 -10 -9 -8 -7 -7 -7 -6 -6 -6 -5 -5 -5 -4 -4 -4 -4 -3 -3 -3 --------- Run | Yrd Mat Min Mat Mat Fac Low Low Fac Low Low Fac Ext Cet Fac Upp Upp Zhi Pro Res Arm Total 12652 | 64 481 356 561 329 611 925 497 808 956 28 1081 1326 260 182 841 595 214 576 706 1255 Wait 1247 | . 38 22 106 28 37 199 7 83 188 . 201 179 40 5 17 1 . 1 4 91 Move 9604 | 54 362 309 322 220 501 690 466 635 727 24 650 744 184 141 792 561 194 515 639 874 Hop . | . . . . . . . . . . . . . . . . . . . . . Pick Up 172 | 2 12 4 8 11 9 2 2 18 4 1 17 28 11 7 4 2 3 4 9 14 Fast Attach 123 | 7 2 1 7 16 4 2 1 4 2 . 21 20 1 1 . . 6 2 8 18 Attach 130 | . 2 4 10 . 8 2 . 4 6 . 20 21 1 3 2 5 3 6 4 29 Detach 23 | 1 1 . . 1 1 . . . 2 . 3 3 . . . . 4 . 2 5 Swap 128 | . 3 . 7 3 5 1 3 9 2 . 21 26 2 4 5 1 . 4 4 28 Drop 162 | . 1 . 9 10 5 . 5 10 2 . 17 36 14 9 4 1 4 2 14 19 Fire 827 | . 57 10 73 40 40 29 13 39 23 3 130 131 7 12 17 24 . 42 22 115 Melee 29 | . . . 18 . . . . 6 . . 1 . . . . . . . . 4 Ram 1 | . . . . . 1 . . . . . . . . . . . . . . . Kick . | . . . . . . . . . . . . . . . . . . . . . Crush 10 | . 3 6 1 . . . . . . . . . . . . . . . . . Escape Stasis 2 | . . . . . . . . . . . . 2 . . . . . . . . Rewire 176 | . . . . . . . . . . . . 128 . . . . . . . 48 Trap . | . . . . . . . . . . . . . . . . . . . . . Miscellaneous 18 | . . . . . . . . . . . . 8 . . . . . . . 10 Route ------- -11/Scrapyard -10/Materials (discovered 2 exits: [*Mat] / [*Min]) -10/Mines -9/Materials -8/Materials -7/Factory (discovered 6 exits: *Fac x2 / Sto x2 / *Low x2) -7/Lower Caves -7/Lower Caves -6/Factory (discovered 3 exits: *Fac / *Low x2) -6/Lower Caves -6/Lower Caves -5/Factory (discovered 5 exits: [*Fac] / *Upp x2 / *Ext x2) -5/Extension (discovered 2 exits: [*Fac] / *Cet) -5/Cetus (discovered 2 exits: [*Fac] / [*Arc]) -4/Factory -4/Upper Caves -4/Upper Caves -4/Zhirov -3/Proximity Caves -3/Research -3/Armory (discovered 1 exit: [*Lab]) History --------- Turn | Location | Event 50 | -11/Scrapyard | Discovered new exit (range 14) 95 | -11/Scrapyard | Entered Materials 304 | -10/Materials | Discovered new exit (range 12) 306 | -10/Materials | Build established: Mutant 660 | -10/Materials | Discovered new exit (range 16) 835 | -10/Materials | Core integrity fell below 50% 894 | -10/Materials | Entered Mines 995 | -10/Mines | A weapon hastily lodged in a ceiling crevice suddenly fell to the ground 1044 | -10/Mines | Learned location of Zion (-6) 1110 | -10/Mines | Discovered new exit (range 6) 1165 | -10/Mines | Lost 3 parts (1n1u1w) 1607 | -10/Mines | Entered Materials 1607 | -9/Materials | Evolved 2 slots: Propulsion x1, Utility x1 1947 | -9/Materials | Build established: Scavenger-Mutant 2186 | -9/Materials | Lost 7 parts (1p2n2u2w) 2262 | -9/Materials | Core integrity fell below 50% 2348 | -9/Materials | Lost 7 parts (1p2n2u2w) 2437 | -9/Materials | Core integrity fell below 20% 2588 | -9/Materials | Discovered new exit (range 5) 2611 | -9/Materials | Entered another Materials area 2611 | -8/Materials | Evolved 2 slots: Propulsion x1, Utility x1 2682 | -8/Materials | Build established: Mutant 3173 | -8/Materials | Discovered new exit (range 16) 3245 | -8/Materials | Build established: Scavenger-Mutant 3281 | -8/Materials | Entered Factory 3281 | -7/Factory | Evolved 2 slots: Propulsion x1, Utility x1 3325 | -7/Factory | Identified exit to Storage 3325 | -7/Factory | Identified exit to Lower Caves 3405 | -7/Factory | Discovered new exit (range 4) 3635 | -7/Factory | Lost 5 parts (3n1u1w) 3865 | -7/Factory | Discovered new exit (range 4) 4115 | -7/Factory | Entered Lower Caves 4609 | -7/Lower Caves | Encountered a Warlord checkpoint 4941 | -7/Lower Caves | Learned location of Extension (-5) 4941 | -7/Lower Caves | Learned Factory stockpile data 4941 | -7/Lower Caves | Learned Extension garrison access intel 4993 | -7/Lower Caves | Acquired the password to a Derelict Tinkerer's latest research 5030 | -7/Lower Caves | Learned Factory trap positions 5300 | -7/Lower Caves | Discovered new exit (range 5) 5307 | -7/Lower Caves | Entered another Lower Caves area 5959 | -7/Lower Caves | Discovered new exit (range 8) 5968 | -7/Lower Caves | Entered Factory 5968 | -6/Factory | Evolved 2 slots: Propulsion x1, Utility x1 5969 | -6/Factory | Loaded intel: 95 trap records 6870 | -6/Factory | Identified exit to Lower Caves 7053 | -6/Factory | Discovered new exit (range 15) 7096 | -6/Factory | Entered Lower Caves 7361 | -6/Lower Caves | Learned Factory emergency access door positions 7378 | -6/Lower Caves | Identified exit to Lower Caves 7768 | -6/Lower Caves | Build established: Mutant 8237 | -6/Lower Caves | Build established: Scavenger-Mutant 8408 | -6/Lower Caves | Lost 4 parts (3n1u) 8487 | -6/Lower Caves | Entered another Lower Caves area 8487 | -6/Lower Caves | Discovered new exit (range 13) 8547 | -6/Lower Caves | Entered Factory 8547 | -5/Factory | Evolved 2 slots: Power x1, Weapon x1 8548 | -5/Factory | Identified exit to Upper Caves 8872 | -5/Factory | Lost 5 parts (1p3u1w) 8875 | -5/Factory | Discovered new exit (range 13) 9283 | -5/Factory | Build established: Scavenger-Tank 9375 | -5/Factory | Lost 7 parts (2n2u3w) 9667 | -5/Factory | Identified exit to Extension 9965 | -5/Factory | Build established: Scavenger-Skirmisher 10276 | -5/Factory | Lost 3 parts (2n1u) 10485 | -5/Factory | Lost 3 parts (1p1n1u) 10544 | -5/Factory | Build established: Scavenger-Tank 10560 | -5/Factory | Entered Extension 10702 | -5/Extension | Rescued a captive Derelict 10712 | -5/Extension | Rescued a captive Derelict 10760 | -5/Extension | Disrupted transfer network 10860 | -5/Extension | First assault squad dispatched 10861 | -5/Extension | Lost 3 parts (1p2w) 11058 | -5/Extension | Lost 4 allies 11126 | -5/Extension | Rescued a captive Derelict 11127 | -5/Extension | Rescued a captive Derelict 11412 | -5/Extension | Lost 3 allies 11469 | -5/Extension | Spotted B-75 Beast 11522 | -5/Extension | Lost 3 allies 11657 | -5/Extension | Core integrity fell below 50% 11733 | -5/Extension | System corruption reached 10% 11747 | -5/Extension | Destroyed B-75 Beast 11781 | -5/Extension | Lost 17 parts (3p4n6u4w) 12028 | -5/Extension | Spotted B-75 Beast 12126 | -5/Extension | Destroyed B-75 Beast 12155 | -5/Extension | Lost 3 parts (2u1w) 12385 | -5/Extension | Rescued a captive Derelict 12391 | -5/Extension | Rescued a captive Derelict 12402 | -5/Extension | Build established: Scavenger-Gunner 12492 | -5/Extension | Rescued a captive Derelict 12493 | -5/Extension | Rescued a captive Derelict 12621 | -5/Extension | Lost 6 allies 12693 | -5/Extension | Rescued A7 12734 | -5/Extension | Build established: Scavenger-Tank 12754 | -5/Extension | Rescued a captive Derelict 12777 | -5/Extension | Rescued a captive Derelict 12899 | -5/Extension | Rescued a captive Derelict 12943 | -5/Extension | Rescued a captive Derelict 12953 | -5/Extension | Rescued a captive Derelict 13044 | -5/Extension | Discovered new exit (range 10) 13046 | -5/Extension | Discovered new exit (range 6) 13058 | -5/Extension | Entered Cetus 13058 | -5/Cetus | Accompanied by 4 allies (A7) 13063 | -5/Cetus | Acquired a Cetus Manufacturing Module code from A7 13081 | -5/Cetus | Spotted Cetus Guard 13081 | -5/Cetus | Spotted Cetus Guard 13081 | -5/Cetus | Spotted Cetus Guard 13081 | -5/Cetus | Spotted Cetus Guard 13093 | -5/Cetus | Allies destroyed Cetus Guard 13101 | -5/Cetus | Allies destroyed Cetus Guard 13101 | -5/Cetus | Allies destroyed Cetus Guard 13106 | -5/Cetus | Destroyed Cetus Guard 13148 | -5/Cetus | System corruption reached 30% 13238 | -5/Cetus | Started Cetus Manufacturing Module 13263 | -5/Cetus | Manufactured an Enhanced Grunt 13288 | -5/Cetus | Manufactured an Enhanced Grunt 13313 | -5/Cetus | Manufactured an Enhanced Grunt 13338 | -5/Cetus | Manufactured an Enhanced Grunt 13363 | -5/Cetus | Manufactured an Enhanced Grunt 13394 | -5/Cetus | Discovered new exit (range 21) 13435 | -5/Cetus | Spotted Cetus Guard 13437 | -5/Cetus | Spotted Cetus Guard 13439 | -5/Cetus | Spotted Cetus Guard 13440 | -5/Cetus | Spotted Cetus Guard 13446 | -5/Cetus | Allies destroyed Cetus Guard 13447 | -5/Cetus | Discovered new exit (range 22) 13458 | -5/Cetus | Allies destroyed Cetus Guard 13462 | -5/Cetus | Allies destroyed Cetus Guard 13471 | -5/Cetus | Allies destroyed Cetus Guard 13478 | -5/Cetus | Met Revision 17 13520 | -5/Cetus | Entered Factory 13520 | -4/Factory | Accompanied by 6 allies (A7) 13520 | -4/Factory | Evolved 2 slots: Utility x2 13521 | -4/Factory | Identified exit to Upper Caves 13770 | -4/Factory | First assault squad dispatched 13920 | -4/Factory | Entered Upper Caves 13981 | -4/Upper Caves | Spotted B-86 Titan 14012 | -4/Upper Caves | Destroyed B-86 Titan 14458 | -4/Upper Caves | Attracted the attention of an 0b10 checkpoint 14466 | -4/Upper Caves | Learned Research trap positions 15070 | -4/Upper Caves | Discovered new exit (range 12) 15099 | -4/Upper Caves | Learned location of Testing (-2) 15905 | -4/Upper Caves | Entered another Upper Caves area 15907 | -4/Upper Caves | Attracted the attention of an 0b10 checkpoint 16444 | -4/Upper Caves | Learned Research non-interactive machine intel 16562 | -4/Upper Caves | Lost 3 parts (2n1u) 17032 | -4/Upper Caves | Discovered new exit (range 7) 17083 | -4/Upper Caves | Entered Zhirov 17083 | -4/Zhirov | Discovered new exit (range 3) 17112 | -4/Zhirov | Met Zhirov 17144 | -4/Zhirov | Learned location of Quarantine (-3) 17144 | -4/Zhirov | Learned location of Command (-1) 17176 | -4/Zhirov | Zhirov requested help retrieving the SGEMP Prototype 17201 | -4/Zhirov | Found Alien Artifact 17201 | -4/Zhirov | Identified Integrated Dissipator 17201 | -4/Zhirov | Installed Integrated Dissipator, increased core heat dissipation (+20) 17234 | -4/Zhirov | Found Alien Artifact 17234 | -4/Zhirov | Identified Transdimensional Reconstructor 17234 | -4/Zhirov | Warped through subspace 17413 | -4/Zhirov | Entered Proximity Caves 17415 | -3/Proximity Caves | Spotter reported a threat 17416 | -3/Proximity Caves | Spotter reported a threat 17635 | -3/Proximity Caves | Spotter reported a threat 18075 | -3/Proximity Caves | Attracted the attention of an 0b10 checkpoint 18091 | -3/Proximity Caves | System corruption reached 10% 18117 | -3/Proximity Caves | Lost 4 parts (1u3w) 18310 | -3/Proximity Caves | Discovered new exit (range 8) 18388 | -3/Proximity Caves | Entered Research 18388 | -3/Research | Evolved 2 slots: Utility x1, Weapon x1 18389 | -3/Research | Loaded intel: 76 trap records 18390 | -3/Research | Loaded intel: 57 non-interactive machine locations 18403 | -3/Research | Lost 3 parts (1n2u) 18588 | -3/Research | Revision forces began assault on 0b10 18609 | -3/Research | Met up with Revision 17++ 19088 | -3/Research | Research terminal network offline 19318 | -3/Research | Spotted Striker 19340 | -3/Research | Lost 3 allies 19413 | -3/Research | Discovered new exit (range 5) 19860 | -3/Research | Spotted Striker 19924 | -3/Research | Spotted Striker 19933 | -3/Research | Entered Armory 19941 | -3/Armory | Lost 10 allies 20523 | -3/Armory | System corruption reached 10% 20593 | -3/Armory | Build established: Scavenger-Gunner 20641 | -3/Armory | Lost 21 parts (3p6n4u8w) 20667 | -3/Armory | System corruption reached 30% 21003 | -3/Armory | Build established: Scavenger-Skirmisher 21089 | -3/Armory | Lost 4 parts (2u2w) 21147 | -3/Armory | Assisted by bots powering up and referring to "LRC-V3" 21223 | -3/Armory | Spotted B-86 Titan 21390 | -3/Armory | Lost 3 allies 21590 | -3/Armory | P-80 Master assimilated allied Veteran 8h 21642 | -3/Armory | Lost 5 allies 21671 | -3/Armory | Spotted Armor Guard 21671 | -3/Armory | Spotted Armor Guard 21701 | -3/Armory | Discovered new exit (range 20) 21720 | -3/Armory | Core integrity fell below 50% 21772 | -3/Armory | Core integrity fell below 20% 21796 | -3/Armory | Destroyed by Y-72 Warden with Railgun Last Messages --------------- Arm. Wheel destroyed. Rnf. Fission Core destroyed. [Achievement: Z1$+NX3F=JRE3_ZNQR] Penetrated by Slug. Slug penetrates Wall. Centrium Wheel destroyed. Adv. Signal Interpreter destroyed. Slug penetrates Wall. Penetrated by Slug. Slug penetrates Wall. Exp. Myomer Leg destroyed. Adv. Sensor Array destroyed. Slug penetrates Wall. WX7JIT5:Q9WAL2CJCZ0SYT3B3SYK& Slug penetrates Wall. Power Sword destroyed. Slug penetrates Wall. Wall collapses. Exp. Core Shielding destroyed. Penetrated by Slug. Map ----- +----------------------------------------------------+ | ?????????????????????????????????? | | ?????????????????????????????????? | | ?????????????????????????????????? | | ??????????????????????????? ??? | | ??????????????????????????? #?? | | ??????????????????????????? +?? | | ??????????????????????????? #?? | | ??????????????????????????? #?? | | ??????????????????????????? #?" | | ??????????????????????????# # ? | | ???????????????????????? ?# #?? | | ??????????????????????"?" + #?" | | ???????????????????? ""? # + ? | | ?????????????????#? ???"? # # " | | ??????????????????# ? # # | | ????????####????### """ # # " | | ????????# ?##???# "?" # # " | | ????????# #######? ""? # + " | | ????????# ?##??## ? ?# # | | ????????## ################ ### | | ?????????" | | ?????????# Y Y | | ?????????# p | | ?????????# ph | | ?????##### ;###########"### " | | ?????# @ ##??####### ## "" | | ?????#<< # #######?#### # | | ?????# # ############ # | | ?????###?# #######?##### " | | ???????? # #?#?#?#####?## ### | | ??????? # #?#######?#?# # ### | | ???????? + #?#??##?##?##### ""### | | ???????? # #####?##?##### %! # | | ???????? # ########## # | | ???????? # #?######## # | | ???????### ##?#?##### ^### # | | ????????#? ?#######?# ########### | | ?????????# ?#?####### #?##?#?#### | | ??????##?# ?######?##? ###"""? | | ????????#?+??######## ###"? """ " | | ?????????? ? ##?## ?#??"? " " " | | ??????? ????""" #?##? ?###""??"" " | | ???????????""?" #?###? ###"" ? | | ???????? ???" " ##??# ???#""?"?" " | | ????????????? ? ?###? ?? ?? " " " | | ??????????????" ?##?? ? ""? " | | ????????????????####? ?##"T ??? | | ????????????????#?#??#####?""???"" | | ???????????????????######?#####?## | | ?????????????????#????#???######## | +----------------------------------------------------+ Best States ------------- Heat Dissipation 162 Energy Generation 45 Energy Capacity 600 Matter Stores 300 Matter Capacity 550 Sight Range 22 Robot Scan Range 16 Terrain Scan Range 20 Terrain Scan Density 210 ECM Strength 2 Jamming Range 14 Armor Coverage 600 Resistance: TH 20 Core Shielding 40 Weapon Shielding 66 Point Defense Rating 80 Evasion (%) 57 Targeting Accuracy 6 Target Analysis 6 Recoil Reduction 6 Offensive Hacking 10 Defensive Hacking 10 Item Schematics ----------------- Huge Storage Unit | -10/Materials | Hacked Assault Drone Bay | -4/Zhirov | Free Exp. Heat Sink | -4/Zhirov | Free Exp. Optical Array | -4/Zhirov | Free Imp. Arc Thrower | -4/Zhirov | Free Robot Schematics ------------------ None Fabricated ------------ Nothing Alien Tech Used ----------------- Integrated Dissipator Transdimensional Reconstructor Achievements -------------- Overkill The Science Guy Z1$+NX3F=JRE3_ZNQR Challenges ------------ None Game ------ Seed GrenadeJunkBooster Manual? 0 Play Time 02:58:54 Cumulative 84.3 hours Start 2025.03.02 @ 00:45:44 End 2025.03.06 @ 00:28:43 Sessions 7 Manual Loads 0 Difficulty Rogue Special Mode None Game No. 62 Rogue 62 Adventurer 0 Explorer 0 Win Type - Total 3 Types 3/0/0/0/0/0/0/0/0 Lore% 29 Gallery% 41 Achievement% 38 Wizard Run 0 Options --------- Layout 0 ASCII 0 Keyboard 0 Movement Mouse Keybinds 0 Fullscreen 1 Font 18/SmallcapsGlow Map View 76x50 Zoom Use 0% Tactical HUD 0 Map Filters NONE Filters NONE Steam 1 RUN: dc4da3b9-3e5e-434a-af2f-ff04639e8e44